 Dungeon Crawl Stone Soup version 0.26.1-12-g5ba1501909 (webtiles) character file.

Game seed: 2134464258693441241

1528 Zeld the Covert (level 8, 0/54 HPs)
             Began as an Octopode Brigand on Oct 23, 2021.
             Slain by Pikel
             ... wielding a +1 whip of flaming
              (2 damage)
             ... on level 6 of the Dungeon.
             The game lasted 00:09:40 (11449 turns).

Zeld the Covert (Octopode Brigand)                 Turns: 11449, Time: 00:09:40

Health: 0/54       AC:  1    Str: 10    XL:     8   Next: 85%
Magic:  8/8        EV: 15    Int: 13    God:
Gold:   283        SH:  0    Dex: 16    Spells: 7/7 levels left

rFire    . . .     SeeInvis .   a - +2 dagger
rCold    . . .     Faith    .   (no shield)
rNeg     . . .     Spirit   .   (helmet restricted)
rPois    .         Reflect  .   (no amulet)
rElec    .         Harm     .   (no ring)
rCorr    .         Rampage  .   (no ring)
Will     .....                  (no ring)
Stlth    +++++.....             (no ring)
HPRegen  0.18/turn              (no ring)
MPRegen  0.11/turn              (no ring)
                                (no ring)
                                (no ring)

@: no status effects
A: almost no armour, stealthy swim, amphibious, 8 rings, constrict 8, camouflage
1, gelatinous body 1
a: no special abilities


You were on level 6 of the Dungeon.
You visited 1 branch of the dungeon, and saw 6 of its levels.

You collected 283 gold pieces.

Inventory:

Hand Weapons
 a - a +2 dagger (weapon)
Missiles
 b - 59 poisoned darts (quivered)
 c - 7 curare-tipped darts
Jewellery
 q - an uncursed ring of stealth {unknown}
Wands
 t - a wand of polymorph (10)
Scrolls
 d - 5 scrolls of remove curse {unknown}
 e - 3 scrolls of immolation {unknown}
 g - a scroll of teleportation {unknown}
 j - a scroll of amnesia {unknown}
 l - 4 scrolls of noise {unknown}
 n - 10 scrolls of identify {unknown}
 p - a scroll of blinking {unknown}
 r - a scroll of magic mapping {unknown}
 s - a scroll of enchant armour {unknown}
Potions
 f - a potion of attraction {unknown}
 h - a potion of magic {unknown}
 i - 5 potions of curing {unknown}
 k - a potion of might {unknown}
 m - 2 potions of mutation {unknown}
 o - a potion of resistance {unknown}


   Skills:
 + Level 4.1 Fighting
 * Level 5.6 Short Blades
 * Level 5.7 Throwing
 + Level 3.6 Dodging
 * Level 9.3 Stealth


You had 7 spell levels left.
You didn't know any spells.
Your spell library was empty.

Dungeon Overview and Level Annotations

Branches:
Dungeon (6/15)
 Temple: D:4-7

Altars:
Kikubaaqudgha
Qazlal
Trog
Uskayaw
Vehumet
Yredelemnul

Shops:
D:5 (

Annotations:
D:4 2 transporters, Menkaure
D:6 Pikel


Innate Abilities, Weirdness & Mutations

You cannot wear most types of armour.
You are very stealthy in the water. (Stealth+)
You are amphibious.
You can wear up to eight rings at the same time.
You can use your tentacles to constrict eight enemies at once.
Your skin changes colour to match your surroundings (Stealth+).
Your rubbery body absorbs attacks. (AC +1, EV +1)


Message History

You constrict the hound zombie. The hound zombie closely misses you.
Pikel barely misses you.
You hit the hound zombie.
You squeeze the hound zombie, but do no damage.
The hound zombie is almost destroyed.
You constrict the hound zombie. The hound zombie barely misses you.
Pikel hits you with a +1 whip of flaming.
* * * LOW HITPOINT WARNING * * *
Pikel burns you.
* * * LOW HITPOINT WARNING * * *
You hit the hound zombie.
The hound zombie is almost destroyed.
You constrict the hound zombie.
You destroy the hound zombie!
Unknown command.
You closely miss the lemure. Your grab misses the lemure.
Pikel hits you with a +1 whip of flaming.
* * * LOW HITPOINT WARNING * * *
Pikel burns you.
You die...

#..# #.# #..# #.# ##..#
#.# .... #.#
#..########### #.#
##.>..........#####.#
......5.#####.......#
######...############
#.@5..........# #
#K##...######.# #.
#5###.### #. #.# #...#
#.. #.# ###.# #
####..####.#####.# .#
.........>.....#.# #..
###..........5..# ..
.......###)###.###.##...


You could see Pikel and 2 lemures.

Vanquished Creatures
  A phantom (D:5)
  An ice beast (D:5)
  4 ogres
  2 lemures (D:6)
  A big kobold (D:6)
  A bullfrog (D:3)
  A scorpion (D:5)
  2 howler monkeys
  5 hounds
  3 orc priests
  4 orc wizards
  4 worker ants
  A hound zombie (D:6)
  A worker ant zombie (D:5)
  9 adders
  A gnoll (D:1)
  6 white imps
  An ufetubus (D:5)
  An adder skeleton (D:4)
  2 worms
  3 dart slugs
  3 leopard geckos
  18 orcs
  4 giant cockroaches
  4 goblins
  7 hobgoblins
  11 jackals
  10 kobolds
  2 quokkas
  4 ball pythons
  11 bats
  7 frilled lizards
  A quokka skeleton (D:4)
  9 rats
145 creatures vanquished.

Notes
Turn   | Place    | Note
-------+----------+-------------------------------------------
     0 | D:1      | Zeld the Octopode Brigand began the quest for the Orb.
     0 | D:1      | Reached XP level 1. HP: 14/14 MP: 1/1
    67 | D:1      | Reached XP level 2. HP: 19/19 MP: 2/2
   337 | D:1      | Reached XP level 3. HP: 18/24 MP: 3/3
  1749 | D:2      | Found a radiant altar of Vehumet.
  1749 | D:2      | Found a stormy altar of Qazlal.
  1980 | D:2      | Reached skill level 6 in Stealth
  2010 | D:2      | Found a bloodstained altar of Trog.
  2048 | D:2      | Reached XP level 4. HP: 29/29 MP: 4/4
  2969 | D:3      | Noticed a bullfrog
  2976 | D:3      | Killed a bullfrog
  2977 | D:3      | Reached XP level 5. HP: 35/35 MP: 5/5
  3906 | D:3      | Reached XP level 6. HP: 41/41 MP: 6/6
  4181 | D:4      | Found a hide-covered altar of Uskayaw.
  4564 | D:4      | Reached skill level 7 in Stealth
  4647 | D:4      | Found a transporter.
  4654 | D:4      | Found a transporter.
  4655 | D:4      | Noticed a phantom
  4966 | D:4      | Found a basalt altar of Yredelemnul.
  4968 | D:4      | Noticed Menkaure
  5132 | D:4      | Found an ancient bone altar of Kikubaaqudgha.
  5448 | D:4      | Noticed a phantom
  5618 | D:4      | Reached XP level 7. HP: 46/46 MP: 7/7
  5933 | D:5      | Entered Level 5 of the Dungeon
  5935 | D:5      | Found Xoarein's Weapon Emporium.
  6498 | D:5      | Found a basalt altar of Yredelemnul.
  6853 | D:5      | Reached skill level 8 in Stealth
  7449 | D:5      | Reached XP level 8. HP: 32/53 MP: 8/8
  8254 | D:4      | Found a transporter.
  8260 | D:4      | Found a transporter.
  8288 | D:4      | Reached skill level 5 in Short Blades
  8288 | D:4      | Reached skill level 5 in Throwing
  8312 | D:4      | Found a basalt altar of Yredelemnul.
  8345 | D:4      | Found an ancient bone altar of Kikubaaqudgha.
  9064 | D:4      | Found a hide-covered altar of Uskayaw.
 10468 | D:5      | Reached skill level 9 in Stealth
 10905 | D:6      | Noticed Pikel
 11449 | D:6      | HP: 2/54 [Pikel/+1 whip of flaming (4)]
 11449 | D:6      | Slain by Pikel

Illustrated notes

Levels and vault maps discovered:
D:1:      psy_arrival_radial02, layout_basic, lemuel_flame_loot_1
D:2:      layout_basic, bloody_trog, gammafunk_temple_overflow_elements
D:3:      layout_basic, st_stairs_9, minmay_misc_feat_tower,
          minmay_misc_feat_tiny
D:4:      layout_basic, gammafunk_temple_of_torment,
          lemuel_coloured_pillars_altar
D:5:      layout_basic, basic_altar, serial_shops, shop,
          minmay_fractal_squares_diagonal_5
D:6:      cheibrodos_iron_armory, layout_loops_ring, uniq_pikel

Skill      XL: |  1  2  3  4  5  6  7  8 |
---------------+-------------------------+-----
Stealth        | 6 7 8 9 |  9.3
Short Blades   | 3 4 5 |  5.6
Throwing       | 3 4 5 |  5.7
Dodging        | 2 3 |  3.6
Fighting       | 3 4 |  4.1

Action                   |  1- 3 |  4- 6 |  7- 9 || total
-------------------------+-------+-------+-------++-------
Melee: Dagger            |    77 |   122 |   231 ||   430
       Tentacles         |     9 |    28 |    64 ||   101
       Constrict         |    13 |    28 |    29 ||    70
Throw: Dart              |     1 |       |     5 ||     6
 Stab: Sleeping          |    16 |    13 |    21 ||    50
       Distracted        |       |     1 |     1 ||     2
Armor: Skin              |    11 |     5 |     4 ||    20
Dodge: Dodged            |    49 |    61 |   103 ||   213
